 Dungeon Crawl Stone Soup version 0.29-a0-459-g97dee8cd24 (webtiles) character file.

Game seed: 4146863318905228993

7599 runemasterragnar the Destroyer (level 10, 0/69 HPs)
             Began as a Purple Draconian Conjurer on May 21, 2022.
             Was a Believer of Vehumet.
             Slain by a six-headed hydra (3 damage)
             ... on level 8 of the Dungeon.
             The game lasted 00:35:48 (14224 turns).

runemasterragnar the Destroyer (DrCj)              Turns: 14224, Time: 00:35:49

Health: 0/69       AC: 10    Str:  9    XL:     10   Next: 97%
Magic:  19/22      EV: 11    Int: 24    God:    Vehumet [**....]
Gold:   636        SH:  5    Dex:  9    Spells: 13/26 levels left

rFire   + . .      SeeInvis .   d - +0 short sword (venom)
rCold   . . .      Faith    .   i - +0 buckler
rNeg    . . .      Spirit   .   (body armour unavailable)
rPois   .          Reflect  .   (helmet restricted)
rElec   .          Harm     .   (no cloak)
rCorr   .          Rampage  .   e - +1 pair of gloves
Will    +....                   l - +0 pair of boots
Stlth   ++........              (no amulet)
HPRegen 0.21/turn               b - ring of protection from fire
MPRegen 0.18/turn               (no ring)

@: no status effects
A: breathe power, AC +7, unfitting armour, cold-blooded
a: Breathe Dispelling Energy, Renounce Religion


You were on level 8 of the Dungeon.
You worshipped Vehumet.
Vehumet was pleased with you.
You visited 2 branches of the dungeon, and saw 10 of its levels.
You also visited: Bailey.

You collected 636 gold pieces.

Inventory:

Hand Weapons
 d - a +0 short sword of venom (weapon)
 k - a +3 short sword of freezing
 t - a +1 whip of electrocution
 v - a +2 scimitar
 G - a +1 dagger of venom
 I - the +8 hunting sling of Golew {venom, +Blink rF- Str+4 Int+2}
   (You found it in a bailey)

   Any ammunition fired from it poisons the flesh of those it strikes.
   Str:       It affects your strength (+4).
   Int:       It affects your intelligence (+2).
   rF:        It makes you vulnerable to fire.
   +Blink:    It lets you blink.
Missiles
 s - 2 throwing nets (quivered)
Armour
 e - a +1 pair of gloves (worn)
 i - a +0 buckler (worn)
 l - a +0 pair of boots (worn)
 J - a +1 tower shield of reflection
Magical Staves
 h - a staff of death
Jewellery
 b - a ring of protection from fire (left hand)
 g - an amulet of faith
 r - an amulet of guardian spirit
 w - a ring of ice
 B - a ring of flight
Wands
 q - a wand of mindburst (13)
 u - a wand of digging (1)
 H - a wand of charming (3)
Scrolls
 j - 3 scrolls of poison
 m - a scroll of vulnerability {unknown}
 n - 2 scrolls of silence
 o - 2 scrolls of amnesia {unknown}
 p - a scroll of summoning {unknown}
 y - 2 scrolls of magic mapping
 A - a scroll of brand weapon
 D - 3 scrolls of torment
 F - a scroll of blinking {unknown}
Potions
 a - a potion of magic
 f - a potion of attraction
 z - a potion of flight
 E - a potion of resistance


   Skills:
 - Level 1.7 Dodging
 - Level 1.7 Stealth
 - Level 5.5 Shields
 + Level 8.8 Spellcasting
 * Level 10.7 Conjurations
 + Level 6.1 Hexes
 + Level 5.5 Air Magic
 + Level 5.5 Poison Magic


You had 13 spell levels left.
You knew the following spells:

 Your Spells              Type           Power      Damage    Failure   Level
a - Magic Dart            Conj           100%       1d8       1%          1
b - Searing Ray           Conj           100%       2d8       1%          2
c - Mephitic Cloud        Conj/Pois/Air  45%        N/A       1%          3
d - Dazzling Flash        Conj/Hex       100%       N/A       1%          3
e - Fulminant Prism       Conj/Hex       25%        3d14      2%          4

Your spell library contained the following spells:

 Spells                   Type           Power      Damage    Failure   Level
 Inner Flame              Hex/Fire       25%        N/A       6%          3
 Poisonous Vapours        Pois/Air       74%        N/A       1%          2
 Sting                    Tmut/Pois      92%        1d7       2%          1
 Olgreb's Toxic Radiance  Pois           37%        N/A       8%          4
 Iskenderun's Mystic Bla  Conj/Tloc      36%        2d9       9%          4
 Ignite Poison            Fire/Tmut/Pois 19%        N/A       11%         3
 Freezing Cloud           Conj/Ice/Air   18%        6-21      22%         5
 Conjure Ball Lightning   Conj/Air       24%        3x3d7     38%         6
 Discord                  Hex            19%        N/A       100%        8
 Disjunction              Tloc           5%         N/A       100%        8


Dungeon Overview and Level Annotations

Branches:
Dungeon (9/15)             Temple (1/1) D:4          Bailey (visited)
   Lair: D:8-11         Orc: D:9-12

Altars:
Ashenzari
Cheibriados
Dithmenos
Elyvilon
Fedhas
Gozag
Hepliaklqana
Kikubaaqudgha
Makhleb
Nemelex Xobeh
Okawaru
Qazlal
Ru
Sif Muna
Trog
Uskayaw
Vehumet
Wu Jian
Xom
Yredelemnul
Zin
The Shining One

Shops:
D:2 ([*[*

Annotations:
D:8 3 runed translucent doors, Amaemon; Antichthon's ghost, novice GrFi; SuisLittleHoshiymin's ghost, novice GnWn; a11behringer's ghost, novice TrBe
D:9 Joseph


Innate Abilities, Weirdness & Mutations

You can breathe bolts of dispelling energy.
Your rich purple scales are hard. (AC +7)
You cannot fit into any form of body armour.
You are cold-blooded and may be slowed by cold attacks.


Message History

Okay, then.
Okay, then.
As you read the scroll labelled POQEIW LOAHI, it crumbles to dust.
It is a scroll of enchant armour.
Your +0 pair of gloves glows green for a moment.
The six-headed hydra bites you! x2
* * * LOW HITPOINT WARNING * * *
The six-headed hydra bites you but does no damage.
You block the six-headed hydra's attack.
The six-headed hydra completely misses you.
The six-headed hydra bites you but does no damage.
Really read the scroll of poison?
You can't even see any enemies this would affect.
Okay, then.
Unknown command.
Okay, then.
Okay, then.
Casting: Searing Ray (safe; 1% risk of failure)
Confirm with . or Enter, or press ? or * to list all spells.
Okay, then.
Casting: Searing Ray (safe; 1% risk of failure)
Confirm with . or Enter, or press ? or * to list all spells.
Casting: Dazzling Flash (safe; 1% risk of failure)
Press: ? - help, Dir - look around, f - activate The six-headed hydra is dazzled.
The six-headed hydra bites you but does no damage.
The six-headed hydra bites you.
* * * LOW HITPOINT WARNING * * *
The six-headed hydra bites you but does no damage.
The six-headed hydra barely misses you.
The six-headed hydra closely misses you.
The six-headed hydra bites you!
* * * LOW HITPOINT WARNING * * *
Unknown command.
There is a stone staircase leading up here.
The six-headed hydra bites you but does no damage.
The six-headed hydra barely misses you.
The six-headed hydra closely misses you.
The six-headed hydra bites you but does no damage.
The six-headed hydra bites you.
You die...

#. ##... .....#...#.#
.. . .....##.# #.#
....##.#... #......#.#
#........ #....#.# #
...#......# .#
.......@..###.###
........D.#.....#
..........#.#.#.#.8
.................8.8.8.
..........#..#..#. .8.
...#......#.....# 8.
...#......###.#####.#
## .. #........ .......
... #..........##...#
.#.


You could see a six-headed hydra (blind).

Vanquished Creatures
  2 orc knights (Bailey)
  Pikel (D:5)
  A deep elf pyromancer (D:7)
  A manticore (D:7)
  Grinder (D:5)
  A hornet (D:8)
  A slime creature (D:8)
  Sigmund (D:3)
  2 steam dragons
  3 wargs (D:7)
  3 water moccasins
  6 orc warriors
  An ogre (D:5)
  A black bear (D:5)
  An ice beast (D:7)
  4 phantoms
  2 centaurs
  3 kobold brigands
  Blork the orc (D:5)
  A bullfrog (D:8)
  A necrophage (D:8)
  2 gnoll sergeants
  7 wights
  7 killer bees
  3 howler monkeys (D:7)
  4 electric eels (D:7)
  A gnoll shaman (D:6)
  2 jellies
  Crazy Yiuf (D:5)
  3 hounds
  3 orc priests
  16 orc wizards
  3 iguanas
  A statue (D:4)
  10 gnolls
  9 adders
  A shadow imp (D:8)
  3 white imps
  An ufetubus (D:6)
  A worm (D:2)
  2 dart slugs
  42 orcs
  3 ball pythons
  6 bats
  4 endoplasms
  5 giant cockroaches
  5 goblins
  7 hobgoblins
  9 jackals
  7 kobolds
  2 quokkas
  4 frilled lizards
  9 rats
221 creatures vanquished.

Vanquished Creatures (others)
  An electric eel (D:7)
  21 fulminant prisms
  8 plants
30 creatures vanquished.

Grand Total: 251 creatures vanquished

Notes
Turn   | Place    | Note
-------+----------+-------------------------------------------
     0 | D:1      | runemasterragnar the Draconian Conjurer began the quest for
                  | the Orb.
     0 | D:1      | Reached XP level 1. HP: 14/14 MP: 3/3
   178 | D:1      | Reached XP level 2. HP: 20/20 MP: 1/5
   930 | D:1      | Reached XP level 3. HP: 26/26 MP: 6/6
  1141 | D:1      | Learned a level 2 spell: Searing Ray
  1326 | D:2      | Found Roasm's General Store.
  1475 | D:2      | Found Zecidyer's Antique Weapon Shoppe.
  1495 | D:2      | Reached skill level 5 in Conjurations
  1591 | D:2      | Found Retwamyl's Antique Armour Shop.
  1817 | D:2      | Reached XP level 4. HP: 33/33 MP: 4/8
  1864 | D:2      | Reached skill level 1 in Shields
  1872 | D:2      | Found Hyr Qano's Antique Armour Boutique.
  1959 | D:2      | Found Qufuwk's General Store.
  2135 | D:2      | Found a faded altar of an unknown god.
  2233 | D:2      | Found an ancient bone altar of Kikubaaqudgha.
  2439 | D:3      | Reached XP level 5. HP: 18/38 MP: 9/9
  3103 | D:3      | Noticed Sigmund
  3109 | D:3      | Killed Sigmund
  3110 | D:3      | Reached skill level 6 in Conjurations
  3110 | D:3      | Reached XP level 6. HP: 41/45 MP: 4/11
  3448 | D:4      | Found a staircase to the Ecumenical Temple.
  3463 | Temple   | Entered the Ecumenical Temple
  3946 | D:4      | Found a shimmering blue altar of Sif Muna.
  4053 | D:4      | Found a radiant altar of Vehumet.
  4304 | D:4      | Became a worshipper of Vehumet
  4653 | D:5      | Entered Level 5 of the Dungeon
  4718 | D:5      | Your scales start taking on a rich purple colour.
  4718 | D:5      | Reached XP level 7. HP: 45/50 MP: 4/14
  4822 | D:5      | Noticed Blork the orc
  4839 | D:5      | Killed Blork the orc
  4840 | D:5      | Reached skill level 5 in Spellcasting
  4840 | D:5      | Reached skill level 7 in Conjurations
  5011 | D:5      | Noticed Grinder
  5014 | D:5      | Noticed Pikel
  5020 | D:5      | Killed Grinder
  5024 | D:5      | Killed Pikel
  5025 | D:5      | Reached skill level 8 in Conjurations
  5025 | D:5      | Reached XP level 8. HP: 26/57 MP: 4/17
  5318 | D:5      | Learned a level 3 spell: Mephitic Cloud
  5322 | D:5      | Learned a level 3 spell: Dazzling Flash
  5569 | D:5      | Found a runed translucent door.
  5570 | D:5      | Noticed Crazy Yiuf
  5769 | D:5      | Reached skill level 1 in Hexes
  5769 | D:5      | Reached skill level 1 in Air Magic
  5769 | D:5      | Reached skill level 1 in Poison Magic
  6049 | D:5      | Reached skill level 5 in Shields
  6215 | D:5      | Killed Crazy Yiuf
  6625 | D:6      | Found a stormy altar of Qazlal.
  6641 | D:6      | Reached XP level 9. HP: 51/62 MP: 12/19
  6911 | D:6      | Reached * piety under Vehumet
  6911 | D:6      | Offered knowledge of Foxfire by Vehumet.
  7091 | D:6      | Found a sacrificial altar of Ru.
  7095 | D:6      | Found a snail-covered altar of Cheibriados.
  7095 | D:6      | Found a broken altar of Ashenzari.
  7114 | D:6      | Found an iron altar of Okawaru.
  7117 | D:6      | Found a sparkling altar of Nemelex Xobeh.
  7930 | D:7      | Found an ancient bone altar of Kikubaaqudgha.
  7933 | D:7      | Found a blossoming altar of Fedhas.
  8389 | D:7      | Found a glowing golden altar of the Shining One.
  8389 | D:7      | Found a white marble altar of Elyvilon.
  8389 | D:7      | Found a glowing silver altar of Zin.
  9535 | D:8      | Learned a level 4 spell: Fulminant Prism
  9603 | D:8      | Reached skill level 9 in Conjurations
 10340 | D:8      | Reached XP level 10. HP: 53/69 MP: 13/21
 10471 | D:8      | Noticed an orange demon
 10476 | D:8      | Found a runed translucent gate.
 10477 | D:8      | Found a runed translucent gate.
 10478 | D:8      | Found a runed translucent gate.
 10481 | D:8      | Noticed SuisLittleHoshiymin's ghost (novice GnWn)
 10481 | D:8      | Noticed Antichthon's ghost (novice GrFi)
 10481 | D:8      | Noticed a11behringer's ghost (novice TrBe)
 10483 | D:8      | Noticed a manticore
 10654 | D:9      | Offered knowledge of Scorch by Vehumet.
 10657 | D:9      | Reached ** piety under Vehumet
 10916 | D:9      | Found a flagged portal.
 10925 | Bailey   | Entered a bailey
 11136 | Bailey   | Reached skill level 5 in Hexes
 11166 | Bailey   | Noticed an orc knight
 11170 | Bailey   | Killed an orc knight
 11171 | Bailey   | Reached skill level 10 in Conjurations
 11202 | Bailey   | Noticed an orc knight
 11207 | Bailey   | Killed an orc knight
 11208 | Bailey   | Reached skill level 5 in Poison Magic
 11240 | Bailey   | Reached skill level 5 in Air Magic
 11499 | Bailey   | Identified the +8 hunting sling of Golew {venom, +Blink rF-
                  | Str+4 Int+2}
 11572 | D:9      | Noticed Joseph
 11586 | D:8      | Noticed a two-headed ogre
 12520 | D:8      | Noticed a six-headed hydra
 12520 | D:8      | Noticed a deep elf pyromancer
 12520 | D:8      | Identified the +0 leather armour of Courage {+Inv}
 12528 | D:7      | Killed a deep elf pyromancer
 12528 | D:7      | Offered knowledge of Inner Flame by Vehumet.
 13093 | D:8      | Noticed Amaemon
 13198 | D:8      | Noticed a boulder beetle
 13207 | D:7      | HP: 1/63 [warg (6)]
 13561 | D:7      | Killed a manticore
 14222 | D:8      | HP: 3/69 [six-headed hydra (7)]
 14224 | D:8      | Slain by a six-headed hydra

Illustrated notes

Levels and vault maps discovered:
D:1:      dpeg_arrival_shrine, layout_basic, serial_aquarium,
          aquarium_bridge_square [aquarium_subvault_wall,
          aquarium_subvault_bridge, aquarium_subvault_bridge,
          aquarium_subvault_wall], aquarium_window_corner, aquarium_window_fake,
          aquarium_view_2c, aquarium_balcony_1b, aquarium_pool_five,
          minmay_rat_gold_closets
D:2:      layout_basic, serial_shops, shop_fountains, shop,
          nicolae_shop_window_shopping, nicolae_shop_overgrown_old_shop,
          nicolae_shop_waterfront, ebering_ecumenical_altar_hall, basic_altar
D:3:      layout_loops_ring, uniq_sigmund
D:4:      layout_cave_pools, led_sif_pool, vehumet_statue,
          minmay_temple_entry_wispy, lemuel_flame_loot_1
D:5:      minmay_chambers_of_fours, layout_cave_pods, uniq_crazy_yiuf_cottage,
          uniq_blork_the_orc, uniq_grinder, uniq_pikel
D:6:      layout_basic, minmay_overflow_temple_star_hex, minmay_ruined_shrine
D:7:      layout_loops_cross, grunt_temple_overflow_growth_and_decay,
          dreamdust_divine_triumvirate, serial_bayou_lagoon_b
D:8:      minmay_the_grid_square_5x5_3x3
          [minmay_the_grid_square_5x5_three_walls,
          minmay_the_grid_square_5x5_spiral, minmay_the_grid_square_5x5_longway,
          minmay_the_grid_square_5x5_checkered_statues,
          minmay_the_grid_square_5x5_megaprize_checkered,
          minmay_the_grid_square_5x5_shrine1, minmay_the_grid_square_5x5_forky,
          minmay_the_grid_square_5x5_slash, minmay_the_grid_square_5x5_inner_v],
          layout_cave_pools, erik_lair_orcish_takeover, serial_gnoll_camp,
          gnoll_camp_mini_hut, gnoll_camp_medium_01, gnoll_camp_mini_loothouse,
          gnoll_camp_mini_hut, gnoll_camp_mini_shop, gammafunk_ghost_cemetery,
          kennysheep_another_room, minivault_14, uniq_amaemon
D:9:      nzn_winding_woodlands_medium [nzn_winding_woodlands_5x5_checkerboard,
          nzn_winding_woodlands_5x15_parted,
          nzn_winding_woodlands_5x5_closed_star,
          nzn_winding_woodlands_5x5_open_star,
          nzn_winding_woodlands_center_garden, nzn_winding_woodlands_hourglass,
          nzn_winding_woodlands_5x5_perimeter, nzn_winding_woodlands_5x15_twine,
          nzn_winding_woodlands_5x5_default], layout_stronghold, enter_bailey_6,
          minmay_stone_trees_small, minmay_starry_boxes, uniq_joseph
Temple:   compressed_dpeg_circular_temple

Skill      XL: |  1  2  3  4  5  6  7  8  9 10 |
---------------+-------------------------------+-----
Conjurations   | 5 6 8 9 10 | 10.7
Shields        | 1 2 3 4 5 |  5.5
Spellcasting   | 3 4 6 7 8 |  8.8
Hexes          | 2 4 6 |  6.1
Air Magic      | 2 4 5 |  5.5
Poison Magic   | 2 4 5 |  5.5
Dodging        | |  1.7
Stealth        | |  1.7

Action                   |  1- 3 |  4- 6 |  7- 9 | 10-12 || total
-------------------------+-------+-------+-------+-------++-------
Melee: Unarmed           |     4 |       |       |       ||     4
       Short sword       |    27 |   113 |    94 |    63 ||   297
       Tailslap          |     4 |     9 |    14 |    12 ||    39
 Cast: Magic Dart        |    57 |    63 |    74 |    27 ||   221
       Searing Ray       |       |     8 |    35 |    20 ||    63
       Mephitic Cloud    |       |       |    10 |    10 ||    20
       Dazzling Flash    |       |       |     6 |    16 ||    22
       Fulminant Prism   |       |       |     8 |    13 ||    21
 Abil: Breathe Dispellin |       |       |     3 |     5 ||     8
Evoke: Wand              |       |     2 |     8 |     1 ||    11
  Use: Potion            |       |     4 |       |     3 ||     7
       Scroll            |       |     4 |     4 |    10 ||    18
 Stab: Sleeping          |     1 |       |       |       ||     1
       Confused          |       |       |       |     2 ||     2
       Invisible         |       |       |       |     1 ||     1
Armor: Skin              |     8 |    74 |    60 |    61 ||   203
Dodge: Dodged            |    22 |    77 |    83 |   110 ||   292
Block: Buckler           |     3 |    23 |    36 |    40 ||   102

Table legend: (Time is in decaauts)
 A = Elapsed time spent in this place.
 B = Non-inter-level travel time spent in this place.
 C = Inter-level travel time spent in this place.
 D = Time resting spent in this place.
 E = Time spent auto-exploring this place.
 F = Levels seen in this place.
 G = Mean time per level.
                   A        B        C        D        E       F      G
               +--------+--------+--------+--------+--------+-----+--------+
         Total |  14286 |  14032 |    254 |   3050 |   8600 |  11 | 1298.7 |
       Dungeon |  13335 |  13081 |    254 |   2817 |   8127 |   9 | 1481.7 |
        Temple |    325 |    325 |      0 |    233 |     64 |   1 |  325.0 |
        Bailey |    625 |    625 |      0 |      0 |    408 |   1 |  625.0 |
               +--------+--------+--------+--------+--------+-----+--------+

Top non-repeatable levels by time:
     D:7: 3888 daAuts
     D:6: 1833 daAuts
     D:5: 1640 daAuts
     D:1: 1412 daAuts
     D:8: 1144 daAuts
     D:4: 1051 daAuts
     D:2: 976 daAuts
     D:3: 907 daAuts
  Bailey: 625 daAuts
     D:9: 479 daAuts
  Temple: 325 daAuts
